 Dungeon Crawl Stone Soup version 0.30.1-10-g1249ef9ec4 (webtiles) character file.

Game seed: 11257691034510696627

399 lonewolfV2 the Ducker (level 6, -1/47 HPs)
             Began as a Demonspawn Fighter on Oct 27, 2023.
             Was a Priest of Jiyva.
             Slain by a two-headed ogre
             ... wielding a +0 giant club
              (17 damage)
             ... on level 5 of the Dungeon.
             The game lasted 00:08:15 (4003 turns).

lonewolfV2 the Ducker (Demonspawn Fighter)          Turns: 4003, Time: 00:08:16

Health: -1/47      AC:  7    Str: 19    XL:     6   Next: 54%
Magic:  4/6        EV: 11    Int:  9    God:    Jiyva [***...]
Gold:   136        SH:  5    Dex: 12    Spells: 5/5 levels left

rFire   . . .        a - +0 war axe
rCold   . . .        c - +1 buckler
rNeg    . . .        b - +0 scale mail
rPois   .            (helmet restricted)
rElec   .            (no cloak)
rCorr   +            (no gloves)
SInv    .            (no boots)
Will    +++..        (no amulet) Stlth
                     (no ring)
HPRegen 2.39/turn    (no ring)
MPRegen 0.45/turn

%: no passive effects
@: calling ooze
A: antennae 1, demonic guardian 2, powered by death 1, strong-willed 3, acidic
bite
a: Renounce Religion, Oozemancy


You were on level 5 of the Dungeon.
You worshipped Jiyva.
Jiyva was most pleased with you.
You visited 1 branch of the dungeon, and saw 5 of its levels.

You collected 136 gold pieces.

Inventory:

Hand Weapons
 a - a +0 war axe (weapon)
Armour
 b - a +0 scale mail (worn)
 c - a +1 buckler (worn)
Jewellery
 g - a ring of protection from fire
Wands
 e - a wand of mindburst (18)
Scrolls
 d - 2 scrolls of identify
Potions
 h - a potion of brilliance {unknown}
 i - a potion of curing {unknown}


   Skills:
 - Level 3.0 Fighting
 - Level 1.7 Axes
 + Level 4.4 Armour
 * Level 4.9 Dodging
 - Level 2.6 Shields


You had 5 spell levels left.
You didn't know any spells.
Your spell library contained the following spells:

 Spells                   Type           Power      Damage    Failure   Level
 Magic Dart               Conj           0%         1d3       83%         1
 Searing Ray              Conj           0%         2d4       92%         2
 Ozocubu's Armour         Ice            0%         N/A       99%         3
 Fulminant Prism          Conj/Hex       0%         3d5       100%        4
 Metabolic Englaciation   Hex/Ice        0%         N/A       100%        5
 Simulacrum               Ice/Necr       0%         N/A       100%        6


Dungeon Overview and Level Annotations

Branches:
Dungeon (5/15)             Temple (0/1) D:5

Altars:
Ashenzari
Ru
Trog
Yredelemnul
Jiyva

Shops:
D:5 =


Innate Abilities, Weirdness & Mutations

You have a pair of small antennae on your head.
A demonic guardian rushes to your aid.
You regenerate a little health from kills.
You are extremely strong-willed. (Will+++)
You have acidic saliva.


Message History

The two-headed ogre shouts in stereo!
The orc wizard casts a spell.
The orc wizard flickers and vanishes!
Deactivating autopickup; reactivate with Ctrl-A.
The two-headed ogre moves out of view.
A white imp is nearby!
A white imp is nearby!
A white imp is nearby!
The white imp gestures at you. The puff of frost misses you.
Okay, then.
Aiming: Mindburst
Press: ? - help, Q - select action, (/) - cycle Shift-Dir - straight line, f - two-headed ogre
Aim: a two-headed ogre, wielding a +0 giant club and a +0 giant spiked club (chance to affect: 47%)
The two-headed ogre's minds are blasted!
The two-headed ogre closely misses you.
The two-headed ogre hits you with a +0 giant spiked club!
A demonic guardian appears!
You hit the two-headed ogre.
The two-headed ogre is moderately wounded.
A dart slug comes into view.
The two-headed ogre hits you with a +0 giant club!!
* * * LOW HITPOINT WARNING * * *
The two-headed ogre closely misses you.
Activating: Oozemancy (11% risk of failure)
Press: ? - help, Dir - look around, f - activate A rock wall.
Slime begins to ooze from the nearby walls!
You can no longer turn your foes to slime.
The walls burn the white imp!
You kill the white imp!
The walls burn something!
Okay, then.
You hit the two-headed ogre.
The two-headed ogre is moderately wounded.
The walls burn something!
Reactivating autopickup.
You feel a bit more experienced.
The walls burn the two-headed ogre!
The two-headed ogre hits you with a +0 giant club!
You die...

#....#J.......
####....#........
#.......#........
##....#........
#...#..........
#.#.#.#.#..#..#
#.##).###....##...
#...4##.###### ..
#...##@O)...w.
#.#...##.##### #
#.#. # .. #. ## #.
##


You could see a two-headed ogre (ally target), a dart slug and a friendly ice
devil (summoned).

Vanquished Creatures
  An ogre (D:4)
  A scorpion (D:4)
  3 hounds
  An iguana (D:2)
  An orc wizard (D:5)
  6 gnolls (D:5)
  5 adders
  A shadow imp (D:5)
  A white imp (D:5)
  A worm (D:2)
  3 dart slugs
  7 orcs
  5 ball pythons
  2 endoplasms (D:2)
  3 giant cockroaches
  8 goblins
  4 hobgoblins
  3 quokkas
  3 bats
  3 frilled lizards
  8 kobolds
  3 rats
73 creatures vanquished.

Vanquished Creatures (collateral kills)
  An orc (D:5)
1 creature vanquished.

Vanquished Creatures (others)
  An ice beast (D:5)
  A scorpion (D:4)
  6 jellies
  An iguana (D:5)
  A gnoll (D:5)
  An adder (D:5)
  A dart slug (D:5)
  2 endoplasms
  3 ball pythons (D:3)
  3 goblins (D:5)
  2 hobgoblins
  2 jackals (D:4)
  3 kobolds
  A ball python zombie (D:3)
  A bat (D:3)
  A jackal zombie (D:3)
  A quokka zombie (D:3)
31 creatures vanquished.

Grand Total: 105 creatures vanquished

Notes
Turn   | Place    | Note
-------+----------+-------------------------------------------
     0 | D:1      | lonewolfV2 the Demonspawn Fighter began the quest for the
                  | Orb.
     0 | D:1      | Reached XP level 1. HP: 18/18 MP: 1/1
    58 | D:1      | Reached skill level 1 in Dodging
   173 | D:1      | Gained mutation: You regenerate a little health from kills.
                  | [demonic ancestry]
   173 | D:1      | Reached XP level 2. HP: 24/24 MP: 2/2
   908 | D:2      | Reached XP level 3. HP: 29/29 MP: 3/3
  1071 | D:2      | Found a faded altar of an unknown god.
  1132 | D:2      | Prayed at the altar of an unknown god.
  1132 | D:2      | Became a worshipper of Jiyva Joucw the Shapeless
  1132 | D:2      | Reached * piety under Jiyva
  1197 | D:2      | Gained mutation: You have a pair of small antennae on your
                  | head. [demonic ancestry]
  1197 | D:2      | Reached XP level 4. HP: 34/35 MP: 4/4
  1780 | D:3      | Reached ** piety under Jiyva
  2123 | D:3      | Found a basalt altar of Yredelemnul.
  2256 | D:4      | Noticed an ogre
  2264 | D:4      | Killed an ogre
  2265 | D:4      | Gained mutation: A weak demonic guardian rushes to your
                  | aid. [demonic ancestry]
  2265 | D:4      | Reached XP level 5. HP: 20/41 MP: 5/5
  2736 | D:4      | Reached *** piety under Jiyva
  2784 | D:4      | Found a broken altar of Ashenzari.
  2939 | D:4      | Gained mutation: You are strong-willed. (Will+) [Jiyva's
                  | grace]
  2939 | D:4      | Gained mutation: You are highly strong-willed. (Will++)
                  | [Jiyva's grace]
  2939 | D:4      | Gained mutation: You are extremely strong-willed. (Will+++)
                  | [Jiyva's grace]
  2939 | D:4      | Gained mutation: You have acidic saliva. [Jiyva's grace]
  3153 | D:4      | Found a sacrificial altar of Ru.
  3244 | D:5      | Entered Level 5 of the Dungeon
  3361 | D:5      | Gained mutation: A demonic guardian rushes to your aid.
                  | [demonic ancestry]
  3361 | D:5      | Reached XP level 6. HP: 24/47 MP: 6/6
  3730 | D:5      | Killed an ice beast
  3748 | D:5      | Found a staircase to the Ecumenical Temple.
  3771 | D:5      | Identified the +9 flail "Pophu" {holy, rCorr}
  3801 | D:5      | Found a bloodstained altar of Trog.
  3915 | D:5      | Reached **** piety under Jiyva
  3956 | D:5      | Found Uhy Keos's One-of-a-Kind Rings.
  3998 | D:5      | Noticed a two-headed ogre
  4003 | D:5      | Slain by a two-headed ogre

Illustrated notes

Levels and vault maps discovered:
D:1:      heliophobic_arrival_ceremonial_halls, layout_loops_ring,
          minmay_tetromino_l2
D:2:      minmay_angry_zag, layout_basic, chequers_ecumenical_altar_simple,
          basic_altar
D:3:      layout_basic, nicolae_yredelemnul_corpse_copse,
          small_statue_intersection
D:4:      layout_loops_corners, nicolae_overflow_crystal_walls,
          nicolae_ru_the_path_less_chosen, nicolae_elevator_lobby_plus
D:5:      layout_gridville, trog_hazing_becter,
          minmay_temple_entry_statues_fountains, nicolae_shop_unique_rings,
          minmay_manual_monstrance

Skill      XL: |  1  2  3  4  5 |
---------------+----------------+-----
Dodging        | 1 2 3 4 |  4.9
Armour         | 3 4 |  4.4
Fighting       | |  3.0
Axes           | |  1.7
Shields        | |  2.6

Action                     |  1- 3 |  4- 6 || total
---------------------------+-------+-------++-------
  Melee: War axe           |   121 |   130 ||   251
         Bite              |       |     2 ||     2
 Invoke: Oozemancy         |       |     1 ||     1
  Evoke: Wand              |       |     1 ||     1
    Use: Scroll            |     1 |     8 ||     9
         Potion            |       |     2 ||     2
 Armour: Scale mail        |    64 |    66 ||   130
  Dodge: Dodged            |    66 |    90 ||   156
  Block: Buckler           |    34 |    37 ||    71
